 Dungeon Crawl Stone Soup version 0.17-a0-1393-gcb420ff (webtiles) character file.

406 ololoev the Stinger (level 6, -13/41 HPs)
             Began as a Mummy Venom Mage on June 16, 2015.
             Shot with an arrow by a centaur (14 damage)
             ... on level 4 of the Dungeon.
             The game lasted 00:19:25 (10079 turns).

ololoev the Stinger (Mummy Venom Mage)             Turns: 10079, Time: 00:19:26

Health: -13/41     AC:  2    Str: 11    XL:     6   Next: 56%
Magic:  3/10       EV: 12    Int: 17    God:
Gold:   198        SH:  0    Dex: 12    Spells: 3 memorised, 3 levels left

rFire  x . .     SeeInvis .     j - +3 mace (drain)
rCold  + . .     Clarity  .     a - +0 robe
rNeg   + + +     SustAt   .     (no shield)
rPois  ∞         Gourm    .     (no helmet)
rElec  .         Spirit   .     (no cloak)
rCorr  .         Warding  .     (no gloves)
rMut   .         Stasis   .     (no boots)
MR     .....                    (no amulet)
Stlth  ++........               (no ring)
                                (no ring)

@: not resistant to hostile enchantments, unstealthy
A: no food or potions, fire vulnerability, cold resistance 1, negative energy
resistance 3, torment resistance, unbreathing
a: no special abilities


Innate Abilities, Weirdness & Mutations

You do not eat or drink.
Your flesh is vulnerable to fire.
You are immune to poison.
Your flesh is cold resistant.
You are immune to negative energy.
You are immune to unholy pain and torment.
You can survive without breathing.

Inventory:

Hand weapons
 j - a +3 mace of draining (weapon)
Missiles
 c - 12 javelins (quivered)
Armour
 a - a +0 robe (worn)
Scrolls
 d - a scroll of remove curse
 e - a scroll of recharging
 f - a scroll of fear
 g - 2 scrolls of immolation
 h - 2 scrolls of amnesia
 i - a scroll of enchant armour
Books
 b - a Young Poisoner's Handbook

   Spells                             Type                      Level
   a - Sting                          Conjuration/Poison           1
   b - Cure Poison                    Poison                       2
   c - Mephitic Cloud                 Conjuration/Poison/Air       3
   d - Olgreb's Toxic Radiance        Poison                       4
   e - Venom Bolt                     Conjuration/Poison           5


   Skills:
 + Level 2.2 Maces & Flails
 - Level 1.5 Dodging
 - Level 1.5 Stealth
 - Level 3.2 Spellcasting
 - Level 0.2 Air Magic
 * Level 5.5 Poison Magic


You had 3 spell levels left.
You knew the following spells:

 Your Spells              Type           Power        Failure   Level  Hunger
a - Sting                 Conj/Pois      ##..         6%          1    N/A
b - Mephitic Cloud        Conj/Pois/Air  #.......     24%         3    N/A
c - Olgreb's Toxic Radia  Pois           ###.....     21%         4    N/A


You were on level 4 of the Dungeon.
You were not hungry.

You visited 1 branch of the dungeon, and saw 4 of its levels.
You also visited: Sewer.

You collected 198 gold pieces.

##### ### ..... ..#
#######.# .!....#.#
......#.#
......#.############
..........><....@..#
......†.#..#######c#
##.#.####..# #.#
...........# #.#
##.#.####### #.#
#.#.## #.# #.#..####
#c# #.......#
.._.....# ####.##.#
c.....#.#

Notes
Turn   | Place    | Note
--------------------------------------------------------------
     0 | D:1      | ololoev the Mummy Venom Mage began the quest for the Orb.
     0 | D:1      | Reached XP level 1. HP: 13/13 MP: 3/3
   409 | D:1      | Reached XP level 2. HP: 19/19 MP: 1/5
  1316 | D:2      | Reached XP level 3. HP: 24/24 MP: 1/7
  1421 | D:2      | Found a glowing silver altar of Zin.
  1429 | D:2      | Found a white marble altar of Elyvilon.
  1429 | D:2      | Found a glowing golden altar of the Shining One.
  1475 | D:2      | Learned a level 3 spell: Mephitic Cloud
  1698 | D:2      | Found a basalt altar of Yredelemnul.
  1734 | D:2      | Became a worshipper of Yredelemnul the Dark
  1840 | D:2      | Noticed Jessica
  1853 | D:2      | Killed Jessica
  1853 | D:2      | Reached skill level 4 in Poison Magic
  1853 | D:2      | Reached XP level 4. HP: 26/30 MP: 2/8
  1898 | D:2      | Found a blossoming altar of Fedhas.
  1916 | D:2      | Found a stormy altar of Qazlal.
  2264 | D:3      | Fell from the grace of Yredelemnul
  2438 | D:3      | Reached skill level 1 in Maces & Flails
  2721 | D:3      | Found a glowing drain.
  2725 | Sewer    | Entered a sewer
  2838 | Sewer    | Learned a level 4 spell: Olgreb's Toxic Radiance
  5746 | Sewer    | Reached XP level 5. HP: 32/35 MP: 9/9
  8954 | D:3      | Noticed a flying skull
  8954 | D:3      | Noticed a flying skull
  9273 | D:4      | Found a sacrificial altar of Ru.
  9286 | D:3      | Reached skill level 5 in Poison Magic
  9659 | D:4      | Noticed an ogre
  9688 | D:4      | Killed an ogre
  9688 | D:4      | Reached XP level 6. HP: 30/41 MP: 0/10
  9857 | D:4      | Found a shadowy altar of Dithmenos.
 10066 | D:4      | Found an opulent altar of Gozag.
 10066 | D:4      | Noticed a centaur
 10074 | D:4      | HP: 1/41 [centaur/arrow (13)]
 10079 | D:4      | Shot with an arrow by a centaur

Dungeon Overview and Level Annotations

Branches:
Dungeon (4/15)
 Temple: D:4-7

Altars:
Dithmenos
Elyvilon
Fedhas
Gozag
Qazlal
Ru
Yredelemnul
Zin
The Shining One

Annotations:
D:4 exclusion: skeleton


Message History

The giant cockroach is poisoned.
Casting: Olgreb's Toxic Radiance
Confirm with . or Enter, or press ? or * to list all spells.
Your toxic radiance grows in intensity.
You kill the giant cockroach!
The iguana misses you.
The iguana looks even sicker.
Your toxic aura wanes.
You kill the iguana!
You start resting.
Magic restored.
There is a stone staircase leading up here.
You now have 198 gold pieces (gained 8).
A centaur comes into view.
Found an opulent altar of Gozag.
Casting: Olgreb's Toxic Radiance
Confirm with . or Enter, or press ? or * to list all spells.
You begin to radiate toxic energy.
The centaur shouts!
The centaur is poisoned.
The centaur wields a shortbow.
The centaur shoots an arrow.
The arrow closely misses you.
The centaur shoots an arrow.
The arrow hits you!
Casting: Olgreb's Toxic Radiance
Confirm with . or Enter, or press ? or * to list all spells.
Your toxic radiance grows in intensity.
The centaur looks even sicker.
The centaur shoots an arrow.
The arrow hits you!
Unknown command.
Casting: Olgreb's Toxic Radiance
Confirm with . or Enter, or press ? or * to list all spells.
You can't see any susceptible monsters within range! (Use Z to cast anyway.) Unknown command.
The centaur looks even sicker.
The centaur shoots an arrow.
The arrow barely misses you.
Your toxic aura wanes.
The centaur shoots an arrow.
The arrow hits you!
The centaur shoots an arrow.
The arrow hits you!
You see here 2 arrows.
You start resting.
The centaur shoots an arrow.
The arrow hits you!
You die...

You could see a centaur.

Vanquished Creatures
  An ogre (D:4)
  A centaur zombie (Sewer)
  An orc priest (D:4)
  Jessica (D:2)
  A worker ant (D:3)
  An orc wizard (D:4)
  An iguana (D:4)
  4 mummies
  3 gnolls (D:4)
  6 adders
  2 adder skeletons
  2 worms
  3 orcs
  10 bats
  6 giant cockroaches
  13 goblins
  8 hobgoblins
  11 jackals
  5 ball pythons
  2 giant geckos (D:2)
  4 giant newts
  16 kobolds
  A quokka (D:3)
  6 rats
109 creatures vanquished.

Action                   |  1- 3 |  4- 6 || total
-------------------------+-------+-------++-------
Melee: Unarmed           |     1 |       ||     1
       Mace              |    30 |   179 ||   209
       Dagger            |     1 |       ||     1
Throw: Javelin           |     4 |     7 ||    11
 Cast: Sting             |    39 |    33 ||    72
       Mephitic Cloud    |     3 |     1 ||     4
       Olgreb's Toxic Ra |       |     7 ||     7
Invok: Renounce Religion |       |     1 ||     1
  Use: Scroll            |       |    16 ||    16
 Stab: Confused          |     3 |       ||     3
       Sleeping          |     1 |     3 ||     4

Vault maps used:
D:1:      wheals_arrival_linesprint
D:2:      good_gods_temple_1, overflow_temple_1_default,
          grunt_temple_overflow_forces_of_nature, uniq_jessica
D:3:      gup_sewer_entry_spiral
D:4:      lemuel_round_altar, kennysheep_mini, lemuel_round_altar
Sewer:    sewer_co_scattered_pipes
